 Dungeon Crawl Stone Soup version 0.28.0-45-g0d030f2227 (webtiles) character file.

Game seed: 4998917412357663360

33 Revguard the Skirmisher (level 3, 0/37 HPs)
             Began as a Troll Berserker on Apr 18, 2022.
             Was a Follower of Trog.
             Slain by Robin
             ... wielding a +3 club
              (6 damage)
             ... on level 2 of the Dungeon.
             The game lasted 00:02:42 (939 turns).

Revguard the Skirmisher (Troll Berserker)            Turns: 939, Time: 00:02:44

Health: 0/37       AC:  4    Str: 25    XL:     3   Next: 12%
Magic:  2/2        EV: 10    Int:  3    God:    Trog [*.....]
Gold:   25         SH:  0    Dex: 11    Spells: 2/2 levels left

rFire   . . .      SeeInvis .   a - +0 mace
rCold   . . .      Faith    .   (no shield)
rNeg    . . .      Spirit   .   b - +0 animal skin
rPois   .          Reflect  .   (helmet restricted)
rElec   .          Harm     .   (no cloak)
rCorr   .          Rampage  .   (gloves unavailable)
Will    .....                   (boots unavailable)
Stlth   +.........              (no amulet)
HPRegen 0.92/turn               (no ring)
MPRegen 0.08/turn               (no ring)

@: on berserk cooldown, slowed, very slow
A: large, unfitting armour, claws 3, regeneration 1, shaggy fur 1, tough skin 1
a: Renounce Religion, Berserk


You were on level 2 of the Dungeon.
You worshipped Trog.
Trog was aware of your devotion.
You visited 1 branch of the dungeon, and saw 2 of its levels.

You collected 25 gold pieces.

Inventory:

Hand Weapons
 a - a +0 mace (weapon)
Missiles
 i - 5 atropa-tipped darts (quivered)
Armour
 b - a +0 animal skin (worn)
Scrolls
 d - a scroll of immolation
Potions
 e - a potion of flight
 m - a potion of heal wounds


   Skills:
 * Level 3.0 Fighting
 + Level 2.9 Maces & Flails
 + Level 0.4 Throwing
 + Level 0.3 Armour
 * Level 2.7 Dodging


You had 2 spell levels left.
You didn't know any spells.
Your spell library was empty.

Dungeon Overview and Level Annotations

Branches:
Dungeon (2/15)

Altars:

Annotations:
D:2 Robin


Innate Abilities, Weirdness & Mutations

You are too large for most types of armour.
You have claws for hands.
Your natural rate of healing is unusually fast.
You are covered in fur. (AC +1)
You have tough skin. (AC +1)


Message History

You feel the power of Trog in you as your rage grows.
You kill the goblin!
Trog accepts your kill. The goblin barely misses you.
The goblin hits you with a +0 dagger.
* * * LOW HITPOINT WARNING * * *
You sock the goblin!
You kill the goblin!
Trog accepts your kill. The goblin hits you with a +0 club.
* * * LOW HITPOINT WARNING * * *
The goblin hits you with a +0 dagger.
* * * LOW HITPOINT WARNING * * *
You have reached level 3!
Your experience leads to an increase in your attributes!
Increase (S)trength, (I)ntelligence, or (D)exterity?
You feel agile. x2; You feel stronger.
You sock the goblin!
You kill the goblin!
Trog accepts your kill. The goblin hits you with a +0 club.
* * * LOW HITPOINT WARNING * * *
You barely miss the goblin.
Robin roars a battlecry!
You closely miss the goblin. The goblin barely misses you.
You thump the goblin!
You kill the goblin!
Trog accepts your kill.
The hobgoblin no longer looks unusually strong.
You thump the goblin!
You kill the goblin!
Trog accepts your kill. The hobgoblin completely misses you.
Your Fighting skill increases to level 3!
You closely miss the hobgoblin.
You are no longer berserk.
You are exhausted.
You feel yourself slow down. The hobgoblin hits you.
* * * LOW HITPOINT WARNING * * *
Robin hits you with a +3 club.
You die...

.......
.......
.......
.......
..... ..g
#.###g###
#....g@<#
#..#.)#)#
#....#
##$### ..
... #...
#...


You could see Robin and 2 hobgoblins.

Vanquished Creatures
  A bat (D:1)
  3 endoplasms (D:1)
  2 giant cockroaches (D:1)
  11 goblins
  A hobgoblin (D:2)
  2 jackals (D:1)
  A quokka (D:1)
  A ball python (D:1)
  4 frilled lizards (D:1)
  A kobold (D:1)
  2 rats (D:1)
29 creatures vanquished.

Notes
Turn   | Place    | Note
-------+----------+-------------------------------------------
     0 | D:1      | Revguard the Troll Berserker began the quest for the Orb.
     0 | D:1      | Reached XP level 1. HP: 22/22 MP: 0/0
   278 | D:1      | Reached XP level 2. HP: 29/29 MP: 1/1
   915 | D:2      | Noticed Robin
   934 | D:2      | Reached XP level 3. HP: 7/36 MP: 2/2
   939 | D:2      | Reached skill level 3 in Fighting
   939 | D:2      | Slain by Robin

Illustrated notes

Levels and vault maps discovered:
D:1:      saegor_arrival_miasma, layout_basic
D:2:      layout_basic, minmay_quadrilaterals, uniq_robin

Skill      XL: |  1  2  3 |
---------------+----------+-----
Fighting       | 3 |  3.0
Maces & Flails | |  2.9
Throwing       | |  0.4
Armour         | |  0.3
Dodging        | |  2.7

Action                   || total
-------------------------++-------
Melee: Mace              ||    87
Invok: Berserk           ||     1
  Use: Scroll            ||     5
       Potion            ||     4
Armor: Animal skin       ||    50
Dodge: Dodged            ||    56
